EL
SAN JOSE GIANTS @ BILOXI SHUCKERS
09/24/2046
 
TOP OF THE 1ST
San Jose Giants batting - Pitching for Biloxi Shuckers : RHP Matysh Ekmalyan
Pitching: RHP Matysh Ekmalyan
Batting: RHB Yutaka Oki 0-0: Ball
1-0: Ball
2-0: Foul Ball, location: 2F
2-1: Called Strike
2-2: Ground out 3-1 (Groundball, 34, EV 76.2 MPH)
Batting: LHB J.P. Olson 0-0: Ball
1-0: Called Strike
1-1: Foul Ball, location: 2F
1-2: SINGLE (Groundball, 4MD, EV 110.0 MPH)
Batting: RHB Miguel Gonzalez 0-0: Called Strike
0-1: Ball
1-1: Ball
2-1: SINGLE (Groundball, 34S, EV 86.9 MPH) (infield hit)
J.P. Olson to second
Batting: RHB Mike Buchanan 0-0: Ball
1-0: Ball
Wild Pitch!
J.P. Olson to third
Miguel Gonzalez to second
2-0: Called Strike
2-1: SINGLE (Line Drive, 78M, EV 91.2 MPH)
J.P. Olson scores
Miguel Gonzalez to third
Runner from 3rd tries for Home, SAFE, throw by LF to home
Mike Buchanan to second
Batting: RHB Adam Solesbee 0-0: Called Strike
0-1: Swinging Strike
0-2: Strikes out swinging
Batting: RHB Drew Duncan 0-0: Called Strike
0-1: Ball
1-1: Foul Ball, location: 2F
1-2: Strikes out looking
Top of the 1st over - 2 runs, 3 hits, 0 errors, 1 left on base; San Jose 2 - Biloxi 0
BOTTOM OF THE 1ST
Biloxi Shuckers batting - Pitching for San Jose Giants : RHP George Kellum
Pitching: RHP George Kellum
Batting: RHB Cameron Rattenbury 0-0: Ball
1-0: SINGLE (Flyball, 6D, EV 95.0 MPH)
Batting: RHB Josh Nelson 0-0: Called Strike
0-1: Called Strike
Cameron Rattenbury steals 2nd base
0-2: Foul Ball, location: 2F
0-2: Ball
1-2: Ground out 4-3 (Groundball, 4, EV 92.5 MPH)
Cameron Rattenbury to third
Batting: SHB Mike Williams 0-0: Ball
1-0: Ball
2-0: Called Strike
2-1: Fly out, F9 (Flyball, 9, EV 96.9 MPH)
Runner from 3rd tags up, SCORES, throw by RF
Batting: RHB Skyler Goss 0-0: Called Strike
0-1: Ball
1-1: Ball
2-1: Fly out, F5 (Popup, 5, EV 75.6 MPH)
Bottom of the 1st over - 1 run, 1 hit, 0 errors, 0 left on base; San Jose 2 - Biloxi 1
TOP OF THE 2ND
San Jose Giants batting - Pitching for Biloxi Shuckers : RHP Matysh Ekmalyan
Batting: RHB Dinand Brouwer 0-0: Called Strike
0-1: Fly out, F9 (Flyball, 89S, EV 88.8 MPH)
Batting: RHB Mike Jones 0-0: Called Strike
0-1: Swinging Strike
0-2: Ball
1-2: Foul Ball, location: 2F
1-2: Foul Ball, location: 2F
1-2: SINGLE (Groundball, 4MS, EV 63.8 MPH) (infield hit)
Batting: RHB Gabe Ochoa 0-0: Fielders Choice at 2nd, 1-4 (Groundball, 15S, EV 62.5 MPH)
Batting: RHB Yutaka Oki 0-0: Called Strike
0-1: Ball
1-1: Called Strike
1-2: Foul Ball, location: 2F
1-2: Ball
2-2: Strikes out swinging
Top of the 2nd over - 0 runs, 1 hit, 0 errors, 1 left on base; San Jose 2 - Biloxi 1
BOTTOM OF THE 2ND
Biloxi Shuckers batting - Pitching for San Jose Giants : RHP George Kellum
Batting: RHB Steve Byerly 0-0: Ball
1-0: Ball
2-0: Ball
3-0: Called Strike
3-1: Foul Ball, location: 2F
3-2: Ground out U3 (Groundball, 3, EV 83.1 MPH)
Batting: RHB Brian Landrum 0-0: Called Strike
0-1: Ground out 4-3 (Groundball, 4D, EV 101.9 MPH)
Batting: RHB Jonathan Sarles 0-0: Ball
1-0: Foul Ball, location: 2F
1-1: Ground out 3-1 (Groundball, 34, EV 88.1 MPH)
Bottom of the 2nd over - 0 runs, 0 hits, 0 errors, 0 left on base; San Jose 2 - Biloxi 1
TOP OF THE 3RD
San Jose Giants batting - Pitching for Biloxi Shuckers : RHP Matysh Ekmalyan
Batting: LHB J.P. Olson 0-0: Ball
1-0: Called Strike
1-1: Foul Ball, location: 2F
1-2: Ball
2-2: Foul Ball, location: 2F
2-2: Fly out, F8 (Flyball, 8RD, EV 101.2 MPH)
Batting: RHB Miguel Gonzalez 0-0: Called Strike
0-1: Ball
1-1: Ball
2-1: SINGLE (Groundball, 34D, EV 111.9 MPH)
Batting: RHB Mike Buchanan 0-0: Ball
Miguel Gonzalez steals 2nd, throwing error, E2
Miguel Gonzalez to third
1-0: Ball
2-0: Ball
3-0: Called Strike
3-1: Foul Ball, location: 2F
3-2: Base on Balls
Batting: RHB Adam Solesbee 0-0: Swinging Strike
0-1: Ball
1-1: Ball
2-1: Swinging Strike
2-2: Foul Ball, location: 2F
2-2: Strikes out swinging
Batting: RHB Drew Duncan 0-0: Ball
1-0: Called Strike
1-1: Ball
2-1: Called Strike
2-2: Strikes out swinging
Top of the 3rd over - 0 runs, 1 hit, 1 error, 2 left on base; San Jose 2 - Biloxi 1
BOTTOM OF THE 3RD
Biloxi Shuckers batting - Pitching for San Jose Giants : RHP George Kellum
Batting: LHB Paul Collins 0-0: Swinging Strike
0-1: Ball
1-1: Ground out U3 (Groundball, 3, EV 91.9 MPH)
Batting: RHB Leo Serrano 0-0: Ball
1-0: Foul Ball, location: 2F
1-1: Bunt for hit to 2R - play at first, batter OUT! 2-3
Batting: RHB Cameron Rattenbury 0-0: Called Strike
0-1: Ball
1-1: Called Strike
1-2: Ball
2-2: Ball
3-2: Base on Balls
Batting: RHB Josh Nelson 0-0: SINGLE (Groundball, 56D, EV 105.0 MPH)
Cameron Rattenbury to second
Batting: SHB Mike Williams 0-0: Ball
1-0: Foul Ball, location: 2F
1-1: Ball
2-1: Ball
3-1: Called Strike
3-2: Strikes out swinging
Bottom of the 3rd over - 0 runs, 1 hit, 0 errors, 2 left on base; San Jose 2 - Biloxi 1
TOP OF THE 4TH
San Jose Giants batting - Pitching for Biloxi Shuckers : RHP Matysh Ekmalyan
Batting: RHB Dinand Brouwer 0-0: Ball
1-0: Called Strike
1-1: Foul Ball, location: 2F
1-2: Ball
2-2: Foul Ball, location: 2F
2-2: Strikes out swinging
Batting: RHB Mike Jones 0-0: Ball
1-0: Foul Ball, location: 2F
1-1: Called Strike
1-2: Fly out, F8 (Flyball, 8LD, EV 78.8 MPH)
Batting: RHB Gabe Ochoa 0-0: Called Strike
0-1: Called Strike
0-2: Foul Ball, location: 2F
0-2: Strikes out swinging
Top of the 4th over - 0 runs, 0 hits, 0 errors, 0 left on base; San Jose 2 - Biloxi 1
BOTTOM OF THE 4TH
Biloxi Shuckers batting - Pitching for San Jose Giants : RHP George Kellum
Batting: RHB Skyler Goss 0-0: Called Strike
0-1: Ball
1-1: Ball
2-1: Ball
3-1: Base on Balls
Batting: RHB Steve Byerly 0-0: Swinging Strike
0-1: Swinging Strike
0-2: SINGLE (Line Drive, 8RS, EV 89.4 MPH)
Skyler Goss to second
Batting: RHB Brian Landrum 0-0: Called Strike
0-1: SINGLE (Flyball, 3D, EV 91.2 MPH)
Skyler Goss to third
Steve Byerly to second
Batting: RHB Jonathan Sarles 0-0: Ball
1-0: Foul Ball, location: 2F
1-1: SINGLE (Line Drive, 6M, EV 98.1 MPH)
Skyler Goss scores
Steve Byerly to third
Brian Landrum to second
Batting: LHB Paul Collins 0-0: Ball
1-0: Swinging Strike
1-1: Foul Ball, location: 2F
1-2: Strikes out looking
Batting: RHB Leo Serrano 0-0: Foul Ball, location: 2F
0-1: Ball
1-1: Called Strike
1-2: Foul Ball, location: 2F
1-2: Strikes out swinging
Batting: RHB Cameron Rattenbury 0-0: Ball
1-0: Ground out 3-1 (Groundball, 13, EV 80.6 MPH)
Bottom of the 4th over - 1 run, 3 hits, 0 errors, 3 left on base; San Jose 2 - Biloxi 2
TOP OF THE 5TH
San Jose Giants batting - Pitching for Biloxi Shuckers : RHP Matysh Ekmalyan
Batting: RHB Yutaka Oki 0-0: Ball
1-0: Foul Ball, location: 2F
1-1: Foul Ball, location: 2F
1-2: Strikes out looking
Batting: LHB J.P. Olson 0-0: Ball
1-0: Foul Ball, location: 2F
1-1: Foul Ball, location: 2F
1-2: Strikes out looking
Batting: RHB Miguel Gonzalez 0-0: Ball
1-0: Ball
2-0: Ball
3-0: Called Strike
3-1: Base on Balls
Pitching: RHP Tony Valdez
Batting: RHB Mike Buchanan 0-0: Ball
1-0: Ball
2-0: Called Strike
Miguel Gonzalez steals 2nd base
2-1: Ground out 6-3 (Groundball, 6, EV 101.9 MPH)
Top of the 5th over - 0 runs, 0 hits, 0 errors, 1 left on base; San Jose 2 - Biloxi 2
BOTTOM OF THE 5TH
Biloxi Shuckers batting - Pitching for San Jose Giants : RHP George Kellum
Batting: RHB Josh Nelson 0-0: Ball
1-0: Ball
2-0: Ground out 5-3 (Groundball, 56, EV 94.4 MPH)
Batting: SHB Mike Williams 0-0: Swinging Strike
0-1: Ball
1-1: Foul Ball, location: 2F
1-2: Strikes out swinging
Batting: RHB Skyler Goss 0-0: Called Strike
0-1: Fly out, F5 (Popup, 5L, EV 68.8 MPH)
Bottom of the 5th over - 0 runs, 0 hits, 0 errors, 0 left on base; San Jose 2 - Biloxi 2
TOP OF THE 6TH
San Jose Giants batting - Pitching for Biloxi Shuckers : RHP Tony Valdez
Batting: RHB Adam Solesbee 0-0: Swinging Strike
0-1: Fly out, F9 (Flyball, 89D, EV 95.6 MPH)
Batting: RHB Drew Duncan 0-0: Called Strike
0-1: Foul Ball, location: 2F
0-2: Ball
1-2: Ball
2-2: Strikes out swinging
Batting: RHB Dinand Brouwer 0-0: SINGLE (Groundball, 56, EV 110.0 MPH)
Pinch Hitting: LHB Juan Gonzalez 0-0: Called Strike
0-1: Foul Ball, location: 2F
0-2: Ball
1-2: Hit by Pitch
Dinand Brouwer to second
Batting: RHB Gabe Ochoa 0-0: Foul Ball, location: 2F
0-1: Swinging Strike
0-2: Foul Ball, location: 2F
0-2: Ball
1-2: Hit by Pitch
Dinand Brouwer to third
Juan Gonzalez to second
Batting: RHB Yutaka Oki 0-0: Called Strike
0-1: Called Strike
0-2: Ground out 4-3 (Groundball, 4, EV 81.9 MPH)
Top of the 6th over - 0 runs, 1 hit, 0 errors, 3 left on base; San Jose 2 - Biloxi 2
BOTTOM OF THE 6TH
Biloxi Shuckers batting - Pitching for San Jose Giants : RHP George Kellum
Now at 1B: Juan Gonzalez
Batting: RHB Steve Byerly 0-0: Fly out, F9 (Flyball, 89D, EV 100.6 MPH)
Batting: RHB Brian Landrum 0-0: Called Strike
0-1: Ball
1-1: Fly out, F9 (Flyball, 89M, EV 84.4 MPH)
Batting: RHB Jonathan Sarles 0-0: Called Strike
0-1: Ball
1-1: Ball
2-1: Ball
3-1: Fly out, F8 (Line Drive, 8RM, EV 93.8 MPH)
Bottom of the 6th over - 0 runs, 0 hits, 0 errors, 0 left on base; San Jose 2 - Biloxi 2
TOP OF THE 7TH
San Jose Giants batting - Pitching for Biloxi Shuckers : RHP Tony Valdez
Batting: LHB J.P. Olson 0-0: Ball
1-0: SINGLE (Groundball, 4MD, EV 105.0 MPH)
Batting: RHB Miguel Gonzalez 0-0: Foul Ball, location: 2F
0-1: Ball
1-1: Swinging Strike
1-2: Ball
2-2: Foul Ball, location: 2F
2-2: Ball
3-2: Base on Balls
J.P. Olson to second
Batting: RHB Mike Buchanan 0-0: Ball
1-0: Ball
2-0: Ball
3-0: Called Strike
3-1: Grounds into double play, 6-4-3 (Groundball, 6D, EV 110.0 MPH)
J.P. Olson to third
Batting: RHB Adam Solesbee 0-0: Called Strike
0-1: Ball
1-1: Fly out, F6 (Line Drive, 56, EV 62.5 MPH)
Top of the 7th over - 0 runs, 1 hit, 0 errors, 1 left on base; San Jose 2 - Biloxi 2
BOTTOM OF THE 7TH
Biloxi Shuckers batting - Pitching for San Jose Giants : RHP George Kellum
Batting: LHB Paul Collins 0-0: Ball
1-0: Swinging Strike
1-1: Reached on error, E5 (Groundball, 5, EV 88.8 MPH)
Pitching: RHP Lorenzo de Jesus
Batting: RHB Leo Serrano 0-0: Sac Bunt to 2L - play at first, batter OUT! 2-3
Paul Collins to second
Batting: RHB Cameron Rattenbury 0-0: Called Strike
0-1: Foul Ball, location: 2F
0-2: Foul Ball, location: 2F
0-2: Ball
1-2: Strikes out swinging
Batting: RHB Josh Nelson 0-0: Ball
1-0: Ball
2-0: Ball
3-0: Base on Balls
Batting: SHB Mike Williams 0-0: Ball
1-0: Swinging Strike
1-1: Ground out 1-3 (Groundball, 13S, EV 71.9 MPH)
Bottom of the 7th over - 0 runs, 0 hits, 1 error, 2 left on base; San Jose 2 - Biloxi 2
TOP OF THE 8TH
San Jose Giants batting - Pitching for Biloxi Shuckers : RHP Tony Valdez
Pitching: RHP Jim Strickland
Batting: RHB Drew Duncan 0-0: Ground out 6-3 (Groundball, 6, EV 101.2 MPH)
Batting: RHB Dinand Brouwer 0-0: SINGLE (Groundball, 56D, EV 98.1 MPH)
Batting: LHB Juan Gonzalez 0-0: Ball
1-0: Ball
2-0: Foul Ball, location: 2F
2-1: Ball
3-1: Foul Ball, location: 2F
3-2: Fly out, F7 (Flyball, 7, EV 87.5 MPH)
Batting: RHB Gabe Ochoa 0-0: Called Strike
0-1: SINGLE (Groundball, 6MD, EV 96.9 MPH)
Dinand Brouwer to second
Runner from 2nd tries for 3rd, SAFE, no throw by CF
Batting: RHB Yutaka Oki 0-0: Fly out, F8 (Line Drive, 8RD, EV 85.0 MPH)
Top of the 8th over - 0 runs, 2 hits, 0 errors, 2 left on base; San Jose 2 - Biloxi 2
BOTTOM OF THE 8TH
Biloxi Shuckers batting - Pitching for San Jose Giants : RHP Lorenzo de Jesus
Batting: RHB Skyler Goss 0-0: Swinging Strike
0-1: Ball
1-1: Ground out 4-3 (Groundball, 4, EV 88.8 MPH)
Batting: RHB Steve Byerly 0-0: Swinging Strike
0-1: Swinging Strike
0-2: Ball
1-2: Fly out, F9 (Flyball, 9S, EV 84.4 MPH)
Batting: RHB Brian Landrum 0-0: Called Strike
0-1: SINGLE (Line Drive, 3D, EV 100.6 MPH)
Batting: RHB Jonathan Sarles 0-0: Called Strike
0-1: Foul Ball, location: 2F
0-2: Ball
Brian Landrum is caught stealing 2nd base 2-4
Bottom of the 8th over - 0 runs, 1 hit, 0 errors, 0 left on base; San Jose 2 - Biloxi 2
TOP OF THE 9TH
San Jose Giants batting - Pitching for Biloxi Shuckers : RHP Jim Strickland
Batting: LHB J.P. Olson 0-0: TRIPLE (Flyball, 89XD, EV 101.2 MPH)
Batting: RHB Miguel Gonzalez 0-0: Ball
1-0: Ball
2-0: Called Strike
2-1: Ball
3-1: DOUBLE (Groundball, 5L, EV 94.4 MPH)
J.P. Olson scores
Batting: RHB Mike Buchanan 0-0: Ball
1-0: Foul Ball, location: 2F
1-1: Swinging Strike
1-2: SINGLE (Line Drive, 6D, EV 97.5 MPH)
Miguel Gonzalez to third
Runner from 3rd tries for Home, SAFE, throw by CF to home
Batting: RHB Adam Solesbee 0-0: Ball
1-0: Ball
2-0: Grounds into double play, 5-4-3 (Groundball, 56S, EV 90.0 MPH)
Batting: RHB Drew Duncan 0-0: Ball
1-0: Foul Ball, location: 2F
1-1: Swinging Strike
1-2: Ball
2-2: Strikes out looking
Top of the 9th over - 2 runs, 3 hits, 0 errors, 0 left on base; San Jose 4 - Biloxi 2
BOTTOM OF THE 9TH
Biloxi Shuckers batting - Pitching for San Jose Giants : RHP Lorenzo de Jesus
Pitching: LHP Caleb Mullinax
Batting: RHB Jonathan Sarles 0-0: Swinging Strike
0-1: Swinging Strike
0-2: Foul Ball, location: 2F
0-2: Fly out, F9 (Flyball, 89M, EV 96.9 MPH)
Pinch Hitting: RHB Matthew Adams 0-0: Called Strike
0-1: Swinging Strike
0-2: Strikes out looking
Batting: RHB Leo Serrano 0-0: Ball
1-0: Called Strike
1-1: SINGLE (Groundball, 4MD, EV 108.1 MPH)
Batting: RHB Cameron Rattenbury 0-0: Ball
1-0: Ball
2-0: SINGLE (Line Drive, 56D, EV 95.6 MPH)
Leo Serrano to second
Batting: RHB Josh Nelson 0-0: Ball
1-0: Foul Ball, location: 2F
1-1: Fielders Choice at 2nd, 6-4 (Groundball, 6, EV 88.8 MPH)
Bottom of the 9th over - 0 runs, 2 hits, 0 errors, 2 left on base; San Jose 4 - Biloxi 2
Tuesday, September 13th , 2022 - OOTP Baseball 23.7 Build 88